 Dungeon Crawl Stone Soup version 0.22-a0-247-gbddf880757 (webtiles) character file.

453 Peterchen the Cleaver (level 6, -1/51 HPs)
             Began as a Minotaur Berserker on Feb 26, 2018.
             Was a Priest of Trog.
             Shot with an arrow by a centaur (4 damage)
             ... on level 5 of the Dungeon.
             The game lasted 00:10:29 (3312 turns).

Peterchen the Cleaver (Minotaur Berserker)          Turns: 3312, Time: 00:10:30

Health: -1/51      AC: 12    Str: 23    XL:     6   Next: 75%
Magic:  5/5        EV:  4    Int:  4    God:    Trog [***...]
Gold:   198        SH:  7    Dex: 10    Spells: 5/5 levels left

rFire    . . .     SeeInvis .   a - +0 hand axe
rCold    . . .     Gourm    .   d - +0 shield
rNeg     . . .     Faith    .   t - +0 plate armour (curse)
rPois    .         Spirit   .   r - +0 hat
rElec    .         Reflect  .   (no cloak)
rCorr    .         Harm     .   j - +0 pair of gloves
MR       ++...                  (no boots)
Stlth    ..........             o - amulet of inaccuracy (curse)
HPRegen  1.17/turn              e - ring of flight
MPRegen  0.09/turn              i - ring of stealth

@: berserk cooldown, regenerating, slowed, very slow
A: retaliatory headbutt, horns 2
a: Berserk, Trog's Hand, Renounce Religion, Evoke Flight


You were on level 5 of the Dungeon.
You worshipped Trog.
Trog was most pleased with you.
You were not hungry.

You visited 1 branch of the dungeon, and saw 5 of its levels.

You collected 198 gold pieces.

Inventory:

Hand Weapons
 a - a +0 hand axe (weapon)
Armour
 d - a +0 shield (worn)
 j - a +0 pair of gloves (worn)
 r - a +0 hat (worn)
 t - a cursed +0 plate armour (worn)
Jewellery
 e - a ring of flight (left hand)
 i - a ring of stealth (right hand)
 o - a cursed amulet of inaccuracy (around neck)
Scrolls
 b - a scroll of enchant weapon
 l - a scroll of immolation {unknown}
 p - 2 scrolls of magic mapping
 q - 2 scrolls of teleportation
 s - a scroll of remove curse
 v - 2 scrolls of identify
Potions
 f - 2 potions of might {unknown}
 g - a potion of cancellation {unknown}
 h - a potion of brilliance {unknown}
 k - a potion of agility {unknown}
 m - 4 potions of curing {unknown}
 n - a potion of resistance {unknown}
Comestibles
 c - 9 rations


   Skills:
 - Level 3.6 Fighting
 * Level 9.3 Axes
 - Level 2.4 Armour
 - Level 2.1 Dodging


You had 5 spell levels left.
You didn't know any spells.

Dungeon Overview and Level Annotations

Branches:
Dungeon (5/15)
 Temple: D:4-7

Altars:
Hepliaklqana
Qazlal
Ru
Sif Muna
Zin


Innate Abilities, Weirdness & Mutations

You reflexively headbutt those who attack you in melee.
You have a pair of horns on your head.


Message History

You're still recovering from your berserk rage.
Your skin crawls.
You feel resistant to hostile enchantments.
You feel somewhat more hungry. You block the adder's attack.
You block the iguana's attack.
The centaur shoots an arrow.
The arrow hits you.
* * * LOW HITPOINT WARNING * * *
The adder bites you but does no damage.
The iguana bites you but does no damage.
You closely miss the iguana. You headbutt the iguana!
The iguana is severely wounded.
You hit the adder.
The centaur shoots an arrow.
The arrow hits you!
* * * LOW HITPOINT WARNING * * *
The adder bites you but does no damage.
The centaur shoots an arrow.
The arrow hits you.
* * * LOW HITPOINT WARNING * * *
The iguana closely misses you. You block the adder's attack.
Your plate armour prevents you from hitting the iguana.
The iguana is severely wounded.
You closely miss the adder.
The centaur shoots an arrow.
The arrow hits you.
You die...

######### ##...#...##
##.........## .
######(..........#####...
.................((<.....
.....?..........(#####...
......#......)...........
.....c.............###..
......$#@...###.##.#
......†Sl#### #....>.
........## ###.##...
......... .# ?##
..?...#... # #
.[....#.... #..#.......#
..... .....# ..... #.....


You could see a centaur, an iguana and an adder.

Vanquished Creatures
  A centaur (D:5)
  2 orc priests (D:4)
  2 iguanas
  Natasha (D:2)
  An orc wizard (D:3)
  2 worker ants (D:4)
  5 adders
  3 worms
  A dart slug (D:1)
  5 leopard geckos
  14 orcs
  4 giant cockroaches
  9 hobgoblins
  11 jackals
  A quokka (D:2)
  7 bats
  4 frilled lizards
  12 goblins
  6 kobolds
  A leopard gecko skeleton (D:4)
  4 rats
96 creatures vanquished.

Notes
Turn   | Place    | Note
-------+----------+-------------------------------------------
     0 | D:1      | Peterchen the Minotaur Berserker began the quest for the Orb.
     0 | D:1      | Reached XP level 1. HP: 19/19 MP: 0/0
   147 | D:1      | Reached skill level 4 in Axes
   255 | D:1      | Reached XP level 2. HP: 25/26 MP: 1/1
   521 | D:2      | Reached ** piety under Trog
   521 | D:2      | Reached skill level 5 in Axes
   598 | D:2      | Reached XP level 3. HP: 6/31 MP: 2/2
   883 | D:2      | Noticed Natasha
   894 | D:2      | Killed Natasha
   907 | D:2      | Reached skill level 6 in Axes
   907 | D:2      | Reached XP level 4. HP: 16/39 MP: 3/3
  1303 | D:2      | Found a stormy altar of Qazlal.
  1873 | D:3      | Reached XP level 5. HP: 43/45 MP: 4/4
  1907 | D:3      | Reached skill level 7 in Axes
  2375 | D:4      | Reached *** piety under Trog
  2559 | D:4      | Found a sacrificial altar of Ru.
  2772 | D:4      | Found a hazy altar of Hepliaklqana.
  2772 | D:4      | Found a glowing silver altar of Zin.
  2898 | D:4      | Reached skill level 8 in Axes
  2915 | D:4      | Reached XP level 6. HP: 51/51 MP: 5/5
  3244 | D:4      | Found a deep blue altar of Sif Muna.
  3282 | D:5      | Entered Level 5 of the Dungeon
  3291 | D:5      | Reached skill level 9 in Axes
  3311 | D:5      | HP: 2/51 [centaur/arrow (4)]
  3312 | D:5      | Shot with an arrow by a centaur

Vault maps used:
D:1:      minmay_arrival_plants_in_alcoves, minmay_box_of_dots
D:2:      nicolae_qazlal_eye_of_the_storm, first_ration, lightli_corner_chamber,
          uniq_natasha
D:4:      amethyst_overflow_temple_binary, overflow_temple_1_default,
          led_sif_pool
D:5:      kennysheep_generic_room_9, uniq_prince_ribbit1

Skill      XL: |  1  2  3  4  5  6 |
---------------+-------------------+-----
Axes           | 4 5 6 8 9 |  9.3
Fighting       | |  3.6
Armour         | |  2.4
Dodging        | |  2.1

Action                   |  1- 3 |  4- 6 || total
-------------------------+-------+-------++-------
Melee: Hand axe          |    95 |   314 ||   409
       Headbutt          |     7 |    27 ||    34
Invok: Berserk           |     3 |     4 ||     7
       Trog's Hand       |       |     2 ||     2
  Use: Scroll            |       |     5 ||     5
  Eat: Chunk             |     2 |    13 ||    15
Armor: Ring mail         |    23 |    47 ||    70
       Animal skin       |     2 |       ||     2
       Plate armour      |       |   161 ||   161
Dodge: Dodged            |    25 |    70 ||    95
Block: Shield            |    34 |   129 ||   163

Table legend:
 A = Spawn XP
 B = Non-spawn XP
 C = Spawn XP percentage of total XP
 D = Spawn monster count
 E = Non-spawn monster count
 F = Spawn count percentage of total count
 G = Total turns spent on level
                    A         B        C        D         E        F      G
               +---------+---------+-------+---------+---------+-------+---------
         Total |       0 |     648 |   0.0 |       0 |      96 |   0.0 |  3312
               +---------+---------+-------+---------+---------+-------+---------
           D:1 |       0 |      21 |   0.0 |       0 |      12 |   0.0 |   453
           D:2 |       0 |     122 |   0.0 |       0 |      32 |   0.0 |  1293
           D:3 |       0 |      85 |   0.0 |       0 |      19 |   0.0 |   613
           D:4 |       0 |     269 |   0.0 |       0 |      30 |   0.0 |   923
           D:5 |       0 |     151 |   0.0 |       0 |       3 |   0.0 |    30
               +---------+---------+-------+---------+---------+-------+---------
